 Dungeon Crawl Stone Soup version 0.27-a0-633-gc6addc0a40 (webtiles) character file.

Game seed: 1348421930915752330

174 jasper the Changer (level 5, -1/24 HPs)
             Began as a Spriggan Venom Mage on Mar 13, 2021.
             Slain by a kobold
             ... wielding a +0 club
              (2 damage)
             ... in a sewer.
             The game lasted 00:04:50 (2894 turns).

jasper the Changer (Spriggan Venom Mage)            Turns: 2894, Time: 00:04:51

Health: -1/24      AC:  2    Str:  4    XL:     5   Next: 28%
Magic:  0/10       EV: 17    Int: 18    God:
Gold:   134        SH:  0    Dex: 13    Spells: 2/9 levels left

rFire    . . .     SeeInvis +   n - +1 short sword (flame)
rCold    . . .     Faith    .   (shield restricted)
rNeg     . . .     Spirit   .   a - +0 robe
rPois    .         Reflect  .   (helmet restricted)
rElec    .         Harm     .   (no cloak)
rCorr    +         Rampage  .   (gloves unavailable)
Will     .....                  (boots unavailable)
Stlth    ++........             (no amulet)
HPRegen  0.08/turn              e - ring of resist corrosion
MPRegen  0.12/turn              (no ring)

@: very quick
A: very small, no large weapons, unfitting armour, see invisible, speed 3,
antennae 1, talons 1, clumsy 1
a: no special abilities


You were in a sewer.
You visited 1 branch of the dungeon, and saw 3 of its levels.
You also visited: Sewer.

You collected 134 gold pieces.

Inventory:

Hand Weapons
 m - a +0 trident
 n - a +1 short sword of flaming (weapon)
Armour
 a - a +0 robe (worn)
Jewellery
 c - a ring of see invisible
 e - a ring of resist corrosion (right hand)
 l - a +4 ring of protection
Scrolls
 b - a scroll of teleportation {unknown}
 f - a scroll of immolation {unknown}
 g - 2 scrolls of identify {unknown}
 i - 2 scrolls of blinking {unknown}
 j - a scroll of enchant weapon {unknown}
 k - a scroll of random uselessness {unknown}


   Skills:
 - Level 2.6 Dodging
 - Level 3.0 Stealth
 - Level 2.6 Spellcasting
 + Level 4.9 Transmutations
 + Level 4.7 Poison Magic


You had 2 spell levels left.
You knew the following spells:

 Your Spells              Type           Power      Damage    Failure   Level
a - Sting                 Tmut/Pois      76%        1d6       2%          1
b - Ignite Poison         Fire/Tmut/Pois 14%        N/A       14%         3
c - Mephitic Cloud        Conj/Pois/Air  8%         N/A       26%         3

Your spell library contained the following spells:

 Spells                   Type           Power      Damage    Failure   Level
 Poisonous Vapours        Pois/Air       22%        N/A       10%         2
 Olgreb's Toxic Radiance  Pois           19%        N/A       24%         4


Dungeon Overview and Level Annotations

Branches:
Dungeon (3/15)              Sewer (1/1)

Altars:


Innate Abilities, Weirdness & Mutations

You are very small and have problems with some larger weapons.
You are too small for most types of armour.
You have supernaturally acute eyesight. (SInv)
You cover ground extremely quickly. (Speed+++)
You have a pair of small antennae on your head.
You have sharp toenails.
You are clumsy. (Dex -2)


Message History

The kobold brigand is moderately wounded.
The kobold brigand misses you. The kobold closely misses you.
You now have 0/10 mp.
You hit the kobold brigand. You burn the kobold brigand.
The kobold brigand is moderately wounded.
The kobold brigand closely misses you. The kobold hits you with a +0 club.
The kobold brigand closely misses you.
You take 2 damage, and have 11/24 hp.
You hit the kobold brigand. You burn the kobold brigand.
The kobold brigand is heavily wounded.
The kobold completely misses you. The kobold brigand barely misses you.
You barely miss the kobold brigand. You claw the kobold brigand.
The kobold brigand is severely wounded.
The kobold closely misses you.
The kobold brigand completely misses you.
You hit the kobold brigand. You burn the kobold brigand.
The kobold brigand is almost dead.
The kobold hits you with a +0 club. The kobold brigand misses you.
You take 2 damage, and have 9/24 hp.
You barely miss the kobold brigand.
The kobold brigand is almost dead.
The kobold hits you with a +0 club.
* * * LOW HITPOINT WARNING * * *
The kobold brigand hits you with a +0 short sword.
* * * LOW HITPOINT WARNING * * *
You take 7 damage, and have 2/24 hp.
MASSIVE DAMAGE!!
You barely miss the kobold brigand.
The kobold brigand is almost dead.
The kobold misses you.
The kobold brigand hits you with a +0 short sword.
* * * LOW HITPOINT WARNING * * *
You take 1 damage, and have 1/24 hp.
You aren't carrying any potions.
Unknown command.
Aiming: Sting (safe; 2% risk of failure)
Press: ? - help, Q - select action Shift-Dir - straight line, f/p - kobold brigand
Aim: a kobold brigand, wielding a +0 short sword and quivering curare-tipped darts (almost dead, poisoned, 33% to evade)
The sting misses the kobold brigand.
The kobold hits you with a +0 club.
You die...

#≈≈≈≈≈≈≈...#≈≈≈≈≈≈#
#≈≈≈≈≈≈#...#≈≈≈≈≈≈#
#≈≈≈≈≈≈#...≈≈≈≈≈≈≈#
#≈≈≈≈≈≈#...#≈≈≈≈≈≈#
#≈≈≈≈≈≈≈...#≈≈≈≈≈≈#
#≈≈≈≈≈≈#...#≈≈≈≈≈≈#
#≈≈≈≈≈...≈....≈≈≈≈#
#≈.≈≈..#≈≈≈#..≈.≈≈#
#K@....#≈≈≈#......# #
#K#######≈#######+#
#≈≈≈#).....#...#......#
#≈≈≈≈≈≈≈≈.5KZ...≈≈≈).≈#
#≈≈≈#≈≈≈≈≈≈#...#≈≈≈≈≈≈#
#############)#########
#...# ...⌠... +.......+


You could see a kobold brigand (poisoned) and a kobold.

Vanquished Creatures
  Jessica (D:2)
  An adder (D:2)
  4 river rats (D:3)
  A shadow imp (Sewer)
  2 ufetubi (Sewer)
  3 worms
  A dart slug (D:1)
  5 orcs
  4 giant cockroaches
  9 goblins
  5 hobgoblins
  4 ball pythons
  5 bats
  2 frilled lizards (D:1)
  20 kobolds
  A kobold zombie (Sewer)
  5 rats
73 creatures vanquished.

Notes
Turn   | Place    | Note
-------+----------+-------------------------------------------
     0 | D:1      | jasper the Spriggan Venom Mage began the quest for the Orb.
     0 | D:1      | Reached XP level 1. HP: 9/9 MP: 5/5
   320 | D:1      | Reached XP level 2. HP: 13/13 MP: 3/6
  1249 | D:2      | Reached XP level 3. HP: 16/16 MP: 6/8
  1508 | D:2      | Noticed Jessica
  1518 | D:2      | Killed Jessica
  1519 | D:2      | Reached XP level 4. HP: 21/21 MP: 3/9
  1523 | D:2      | Learned a level 3 spell: Ignite Poison
  1527 | D:2      | Learned a level 3 spell: Mephitic Cloud
  2169 | D:3      | Found a glowing drain.
  2402 | D:3      | Reached XP level 5. HP: 20/24 MP: 1/10
  2444 | Sewer    | Entered a sewer
  2851 | Sewer    | Found an ancient bone altar of Kikubaaqudgha.
  2881 | Sewer    | Gained mutation: You are clumsy. (Dex -2) [potion of
                  | mutation]
  2881 | Sewer    | Gained mutation: You have a pair of small antennae on your
                  | head. [potion of mutation]
  2881 | Sewer    | Gained mutation: You have sharp toenails. [potion of
                  | mutation]
  2893 | Sewer    | HP: 1/24 [kobold brigand/+0 short sword (1)]
  2894 | Sewer    | Slain by a kobold

Illustrated notes

Levels and vault maps discovered:
D:1:      lightli_arrival_statuegarden, layout_loops_ring, solitary_fountain,
          st_stairs_5, grunt_decor_fettered, nrook_loot_triangle
D:2:      layout_basic, uniq_jessica
D:3:      layout_basic, portal_sewer_entry_a, chequers_avenue
Sewer:    kennysheep_sewer_church

Skill      XL: |  1  2  3  4 |
---------------+-------------+-----
Transmutations | 2 3 4 |  4.9
Poison Magic   | 4 |  4.7
Dodging        | |  2.6
Stealth        | |  3.0
Spellcasting   | |  2.6

Action                   |  1- 3 |  4- 6 || total
-------------------------+-------+-------++-------
Melee: Unarmed           |     4 |       ||     4
       Trident           |       |    23 ||    23
       Short sword       |       |    13 ||    13
       Kick              |       |     1 ||     1
 Cast: Sting             |    66 |    63 ||   129
       Mephitic Cloud    |       |     1 ||     1
       Ignite Poison     |       |     1 ||     1
  Use: Potion            |       |     2 ||     2
 Stab: Sleeping          |       |     1 ||     1
Armor: Robe              |     3 |     6 ||     9
Dodge: Dodged            |    28 |    71 ||    99

Table legend: (Time is in decaauts)
 A = Elapsed time spent in this place.
 B = Non-inter-level travel time spent in this place.
 C = Inter-level travel time spent in this place.
 D = Time resting spent in this place.
 E = Time spent auto-exploring this place.
 F = Levels seen in this place.
 G = Mean time per level.
                   A        B        C        D        E       F      G
               +--------+--------+--------+--------+--------+-----+--------+
         Total |   2397 |   2375 |     22 |    307 |   1640 |   4 |  599.2 |
       Dungeon |   1977 |   1955 |     22 |    264 |   1367 |   3 |  659.0 |
         Sewer |    419 |    419 |      0 |     43 |    272 |   1 |  419.0 |
               +--------+--------+--------+--------+--------+-----+--------+

Top non-repeatable levels by time:
     D:1: 893 daAuts
     D:2: 721 daAuts
   Sewer: 419 daAuts
     D:3: 362 daAuts
